 Dungeon Crawl Stone Soup version 0.26.0-9-gab577f9fc5 (webtiles) character file.

Game seed: 15270813560124731506

137 DocSulfur the Chopper (level 5, 35/38 HPs)
             Began as a Demonspawn Gladiator on Jan 14, 2021.
             Quit the game on level 3 of the Dungeon.
             The game lasted 00:04:21 (3350 turns).

DocSulfur the Chopper (Demonspawn Gladiator)        Turns: 3350, Time: 00:04:21

Health: 35/38      AC:  5    Str: 15    XL:     5   Next: 0%
Magic:  5/5        EV: 12    Int:  9    God:
Gold:   171        SH:  0    Dex: 15    Spells: 4/4 levels left

rFire    . . .     SeeInvis .   a - +1 war axe
rCold    . . .     Faith    .   (no shield)
rNeg     . . .     Spirit   .   b - +0 leather armour
rPois    .         Reflect  .   (helmet restricted)
rElec    .         Harm     .   f - +1 cloak
rCorr    .         Rampage  .   (no gloves)
Will     .....                  (no boots)
Stlth    +.........             (no amulet)
HPRegen  0.12/turn              (no ring)
MPRegen  0.09/turn              (no ring)

@: no status effects
A: antennae 1, spiny 1
a: no special abilities


You were on level 3 of the Dungeon.
You visited 1 branch of the dungeon, and saw 3 of its levels.

You collected 171 gold pieces.

Inventory:

Hand Weapons
 a - a +1 war axe (weapon)
Missiles
 d - 3 throwing nets
 e - 5 boomerangs (quivered)
Armour
 b - a +0 leather armour (worn)
 c - a +0 helmet
 f - a +1 cloak (worn)
Scrolls
 g - a scroll of enchant weapon
 k - a scroll of magic mapping
 m - a scroll of blinking
 n - 2 scrolls of identify
 o - 3 scrolls of teleportation
 p - a scroll of remove curse {unknown}
 q - a scroll of amnesia {unknown}
Potions
 h - a potion of mutation {unknown}
 i - a potion of might {unknown}
 j - 2 potions of curing
 l - 4 potions of resistance {unknown}


   Skills:
 - Level 2.0 Fighting
 * Level 4.5 Axes
 + Level 3.0 Throwing
 - Level 2.6 Dodging


You had 4 spell levels left.
You didn't know any spells.
Your spell library was empty.

Dungeon Overview and Level Annotations

Branches:
Dungeon (3/15)

Altars:
Fedhas
Ru
Xom


Innate Abilities, Weirdness & Mutations

You have a pair of small antennae on your head.
You are partially covered in sharp spines.


Message History

A goblin comes into view.
The goblin shouts!
The goblin moves out of view.
Found an escape hatch in the ceiling.
A goblin is nearby!
A goblin is nearby!
A goblin is nearby!
A goblin is nearby!
The goblin misses you.
You barely miss the goblin. The goblin hits you.
The goblin hits you but does no damage.
You slash the goblin!
You kill the goblin!
You have reached level 5!
Your demonic ancestry asserts itself...
Sharp spines emerge from parts of your body.
You see here a goblin corpse.
Okay, then.
Found 2 purple potions.
Are you sure you want to abandon this character and quit the game? (Confirm with "yes".)

#........# .#
#........##.##
#####...>.....#
##..†....#.#.!
##.............
#..............
#...........##
#......<....#
##.....@...##
##...#...##
#########


There were no monsters in sight!

Vanquished Creatures
  Crazy Yiuf (D:2)
  Jessica (D:2)
  4 adders
  2 dart slugs (D:2)
  2 leopard geckos
  5 orcs
  A ball python (D:2)
  2 bats (D:1)
  A giant cockroach (D:3)
  2 goblins
  4 hobgoblins
  9 kobolds
  3 frilled lizards
  2 rats
39 creatures vanquished.

Notes
Turn   | Place    | Note
-------+----------+-------------------------------------------
     0 | D:1      | DocSulfur the Demonspawn Gladiator began the quest for the
                  | Orb.
     0 | D:1      | Reached XP level 1. HP: 16/16 MP: 1/1
   562 | D:1      | Reached skill level 3 in Axes
   615 | D:1      | Gained mutation: You have a pair of small antennae on your
                  | head. [demonic ancestry]
   615 | D:1      | Reached XP level 2. HP: 14/22 MP: 2/2
  1366 | D:1      | Reached XP level 3. HP: 19/27 MP: 3/3
  1577 | D:2      | HP: 1/27 [hobgoblin/+0 club (4)]
  2016 | D:2      | Found a runed translucent door.
  2017 | D:2      | Noticed Crazy Yiuf
  2374 | D:2      | Found a blossoming altar of Fedhas.
  2725 | D:2      | Noticed Jessica
  2744 | D:2      | Killed Jessica
  2745 | D:2      | Reached skill level 4 in Axes
  2745 | D:2      | Reached XP level 4. HP: 23/33 MP: 4/4
  2968 | D:2      | Killed Crazy Yiuf
  3217 | D:3      | Found a sacrificial altar of Ru.
  3243 | D:3      | Found a shimmering altar of Xom.
  3342 | D:3      | Gained mutation: You are partially covered in sharp spines.
                  | [demonic ancestry]
  3342 | D:3      | Reached XP level 5. HP: 34/38 MP: 5/5
  3350 | D:3      | Quit the game

Illustrated notes

Levels and vault maps discovered:
D:1:      mainiacjoe_arrival_reflecting_pool, layout_basic
D:2:      layout_loops_ring, fedhas_altar_1, uniq_crazy_yiuf_cottage,
          uniq_jessica
D:3:      layout_rooms, xom_teletrap_fun, lemuel_crystal_altar, dk_vineyard_2,
          kennysheep_generic_room_3, uniq_terence

Skill      XL: |  1  2  3  4 |
---------------+-------------+-----
Axes           | 3 4 |  4.5
Throwing       | 2 3 |  3.0
Fighting       | |  2.0
Dodging        | |  2.6

Action                   |  1- 3 |  4- 6 || total
-------------------------+-------+-------++-------
Melee: War axe           |   124 |    25 ||   149
Throw: Boomerang         |     8 |       ||     8
  Use: Scroll            |       |     7 ||     7
       Potion            |       |     3 ||     3
Armor: Leather armour    |    41 |     8 ||    49
Dodge: Dodged            |    98 |    16 ||   114
